 Dungeon Crawl Stone Soup version 0.29.0-4-gdea44cf6ec (webtiles) character file.

Game seed: 2188152256183159122

2 qw the Sneak (level 1, -2/14 HPs)
             Began as a Gargoyle Delver on Sept 10, 2022.
             Slain by a water moccasin (3 damage)
             ... on level 5 of the Dungeon.
             The game lasted 00:00:03 (47 turns).

qw the Sneak (Gargoyle Delver)                        Turns: 47, Time: 00:00:03

Health: -2/14      AC:  5    Str: 15    XL:     1   Next: 30%
Magic:  1/1        EV: 11    Int: 10    God:
Gold:   28         SH:  0    Dex: 11    Spells: 0/0 levels left

rFire   . . .      SeeInvis .   a - +0 hand axe
rCold   . . .      Faith    .   (no shield)
rNeg    + . .      Spirit   .   b - +0 leather armour
rPois   inf        Reflect  .   (no helmet)
rElec   +          Harm     .   (no cloak)
rCorr   .          Rampage  .   (no gloves)
Will    .....                   (no boots)
Stlth   +++.......              (no amulet)
HPRegen 0.04/turn               (no ring)
MPRegen 0.07/turn               (no ring)

@: no status effects
A: sickness immunity, AC +2, negative energy resistance 1, electricity
resistance, torment resistance 1, petrification resistance
a: no special abilities


You were on level 5 of the Dungeon.
You visited 1 branch of the dungeon, and saw 1 of its levels.

You collected 28 gold pieces.


Innate Abilities, Weirdness & Mutations

You are immune to sickness and miasma.
Your stone body is resilient. (AC +2)
You are immune to poison.
You resist negative energy. (rN+)
You are resistant to electric shocks. (rElec)
You are resistant to unholy torment.
You are immune to petrification.


   Skills:
 - Level 3.2 Fighting
 + Level 2.0 Axes
 - Level 1.5 Dodging
 - Level 5.4 Stealth


You couldn't memorise any spells.
You didn't know any spells.
Your spell library was empty.

Inventory:

Hand Weapons
 a - a +0 hand axe (weapon)
Armour
 b - a +0 leather armour (worn)
Wands
 g - a wand of digging (3)
Scrolls
 c - a scroll of fog
 d - a scroll of magic mapping
 e - a scroll of fear
Potions
 f - a potion of haste

Dungeon Overview and Level Annotations

Branches:
Dungeon (5/15)
 Temple: D:4-7

Altars:


Message History

The black bear is lightly wounded.
The black bear closely misses you.
The black bear claws you but does no damage.
The black bear barely misses you.
You hit the black bear.
The black bear is moderately wounded.
The black bear bites you. The black bear misses you.
The black bear claws you but does no damage.
You barely miss the black bear.
The black bear is moderately wounded.
The black bear bites you but does no damage.
The black bear misses you. The black bear claws you.
The water moccasin misses you.
You hit the black bear.
The black bear is heavily wounded.
You barely miss the water moccasin.
The water moccasin bites you but does no damage.
The black bear bites you. The black bear barely misses you. x2
The water moccasin bites you. The black bear bites you.
The black bear claws you. x2
You hit the black bear but do no damage.
The black bear is heavily wounded.
You hit the water moccasin.
The water moccasin bites you but does no damage.
The black bear bites you but does no damage.
The black bear claws you but does no damage. x2
The water moccasin misses you.
You hit the black bear. Your punch misses the black bear.
The black bear is heavily wounded.
You hit the water moccasin.
The water moccasin bites you but does no damage.
The black bear bites you. The black bear barely misses you. x2
You hit the black bear.
The black bear is severely wounded.
You barely miss the water moccasin. The water moccasin barely misses you.
The black bear barely misses you. The black bear claws you.
The black bear claws you but does no damage.
The water moccasin bites you.
You die...

.... #.##. ..# ...
..#. #..##.. ##...
#......##... .## .#
#..........# ..##..
#.........##.......
.#......[...........
.......S.>..........
.......h@...........
.....##.............
..................#
.###....###)......#.
$...### #..........
......## ##..........
##.......#...........
###..#.........#....
...#..............


You could see a water moccasin and a black bear.

Vanquished Creatures
  An orc (D:5)
1 creature vanquished.

Notes
Turn   | Place    | Note
-------+----------+-------------------------------------------
     0 | D:5      | qw the Gargoyle Delver began the quest for the Orb.
     0 | D:5      | Reached XP level 1. HP: 14/14 MP: 1/1
     0 | D:5      | 0 ||| qw: Version: 0.1-a-116-g5d60599
     0 | D:5      | 0 ||| qw: Game counter: 7897
     0 | D:5      | 0 ||| qw: Always use a shield: true
     0 | D:5      | 0 ||| qw: God list: Okawaru
     0 | D:5      | 0 ||| qw: Allow faded altars: false
     0 | D:5      | 0 ||| qw: Do Orc after D:15 true
     0 | D:5      | 0 ||| qw: Do second Lair branch before Depths: true
     0 | D:5      | 0 ||| qw: Lair rune preference: random
     0 | D:5      | 0 ||| qw: Plans: Normal
     0 | D:5      | 0 ||| PLANNING D:1-11
    26 | D:5      | Noticed a black bear
    27 | D:5      | 27 ||| Stepping ~*~*~tactically~*~*~ (stealth).
    29 | D:5      | 29 ||| Stepping ~*~*~tactically~*~*~ (stealth).
    31 | D:5      | 31 ||| Stepping ~*~*~tactically~*~*~ (stealth).
    32 | D:5      | 32 ||| Stepping ~*~*~tactically~*~*~ (stealth).
    36 | D:5      | Noticed a water moccasin
    44 | D:5      | HP: 3/14 [black bear (1)]
    47 | D:5      | HP: 1/14 [black bear (1)]
    47 | D:5      | Slain by a water moccasin

Levels and vault maps discovered:
D:5:      layout_cave_pools

Skill      XL: |  1 |
---------------+----+-----
Axes           | 2 |  2.0
Fighting       | |  3.2
Dodging        | |  1.5
Stealth        | |  5.4

Action                   || total
-------------------------++-------
Melee: Hand axe          ||     8
       Punch             ||     1
Armor: Leather armour    ||    10
Dodge: Dodged            ||    12

Table legend:
 A = Non-vault XP
 B = Vault XP
 C = Vault XP percentage of total XP
 D = Non-vault monster count
 E = Vault monster count
 F = Vault count percentage of total count
                 A         B        C        D         E       F
            +---------+---------+-------+---------+---------+-------
      Total |       3 |       0 |   0.0 |       1 |       0 |   0.0
            +---------+---------+-------+---------+---------+-------
        D:5 |       3 |       0 |   0.0 |       1 |       0 |   0.0
            +---------+---------+-------+---------+---------+-------
